Map: Ruby Rock LE

Players

SortOf

  • Race: Zerg Zerg
  • League: Master
  • Spawn Location: 5:00

A.I. 1 (Very Easy) - Winner!

  • Race: Zerg Zerg
  • Spawn Location: 11:00

VOD

Have the link to the VOD?

Description

Time

  • Played on: April 3, 2026, 1:32 a.m.
  • Length: 6:43
Show
View Real Time Build Order
Export as new Build Order

SortOf Zerg 

Build Orders: Hatch First 

Get SALT Encoding   

  6  0:00  Drone  
  13  0:08  Drone  
  13  0:13  Extractor  
  13  0:14  Drone  
  15  0:22  Overlord  
  15  0:41  Hatchery  
  14  0:45  Drone  
  14  0:49  Drone  
  16  0:52  Drone  
  17  1:06  Spawning Pool  
  17  1:07  Extractor  
  16  1:11  Drone  
  16  1:15  Drone  
  16  1:18  Drone  
  18  1:28  Drone  
  19  1:39  Drone  
  20  1:50  Drone  
  20  1:52  Queen x2  
  20  1:53  Drone  
  26  2:00  Overlord  
  26  2:03  Zergling x2  
  27  2:11  Drone, Metabolic Boost  
  28  2:19  Drone  
  28  2:22  Drone  
  30  2:24  Drone  
  31  2:33  Drone  
  32  2:37  Hatchery  
  32  2:41  Drone  
  32  2:44  Baneling Nest  
  32  2:48  Overlord  
  31  2:51  Drone  
  31  2:56  Zergling x2  
  33  2:59  Drone x2  
  33  3:02  Drone  
  36  3:06  Drone x2  
  36  3:07  Drone  
  36  3:10  Drone x2  
  41  3:15  Overlord  
  41  3:20  Drone  
  41  3:23  Queen  
  44  3:31  Roach Warren  
  44  3:32  Drone  
  44  3:33  Drone  
  46  3:34  Drone  
  46  3:36  Drone  
  46  3:37  Drone  
  46  3:39  Baneling  
  46  3:40  Drone  
  49  3:42  Drone  
  49  3:43  Zergling x2  
  49  3:45  Zergling x2  
  49  3:48  Extractor  
  51  3:50  Drone x2  
  53  3:55  Overlord  
  53  3:56  Evolution Chamber  
  53  3:57  Drone  
  53  4:03  Drone x3  
  53  4:07  Lair  
  53  4:09  Drone  
  57  4:14  Overlord  
  57  4:15  Drone x2  
  59  4:17  Drone  
  59  4:21  Drone  
  61  4:25  Extractor, Drone  
  61  4:28  Zerg Missile Weapons Level 1  
  61  4:29  Drone  
  61  4:30  Extractor  
  61  4:31  Drone x3  
  61  4:32  Overlord  
  61  4:35  Drone x3  
  61  4:37  Drone x3  
  70  4:39  Drone  
  70  4:40  Drone  
  72  4:47  Drone  
  72  4:48  Pneumatized Carapace, Overlord  
  72  4:51  Drone  
  74  4:54  Evolution Chamber  
  74  4:56  Baneling  
  74  4:57  Drone  
  74  4:59  Extractor  
  72  5:00  Hatchery, Extractor  
  72  5:02  Drone x3  
  72  5:05  Drone  
  74  5:08  Drone x3  
  74  5:10  Glial Reconstitution  
  74  5:13  Roach x2  
  74  5:14  Overseer  
  81  5:16  Roach  
  81  5:17  Overlord  
  81  5:19  Roach  
  85  5:23  Roach x2  
  85  5:27  Overlord  
  89  5:31  Overlord  
  89  5:36  Roach x4  
  89  5:38  Overlord  
  89  5:42  Overlord  
  97  5:44  Overlord  
  97  5:49  Roach x3  
  103  5:52  Roach x2  
  103  5:54  Roach  
  103  5:55  Roach  
  111  5:57  Ravager x3  
  111  5:59  Roach  
  111  6:01  Roach x2  
  120  6:09  Roach  
  122  6:11  Roach  
  122  6:12  Roach x5  
  122  6:15  Roach  
  122  6:16  Overlord  
  122  6:17  Roach  
  138  6:19  Roach  
  138  6:21  Roach  
  138  6:22  Ravager  
  138  6:23  Overlord  
Show
View Real Time Build Order
Export as new Build Order

A.I. 1 (Very Easy) Zerg - Winner!

Build Orders: Hatch First 

Get SALT Encoding   

  6  0:00  Drone  
  13  0:12  Overlord  
  13  0:16  Drone  
  14  0:41  Hatchery  
  13  0:43  Drone  
  14  1:01  Spawning Pool  
  14  1:03  Drone  
  14  1:06  Extractor  
  14  1:10  Drone  
  14  1:18  Overlord  
  14  1:48  Queen  
  14  1:50  Zergling x2  
  14  1:51  Zergling x2  
  18  2:00  Roach Warren  
  17  2:04  Drone  
  18  2:08  Extractor  
  18  2:11  Drone  
  18  2:16  Zergling x2  
  18  2:20  Drone  
  20  2:27  Drone  
  21  2:34  Drone  
  22  2:42  Drone  
  23  2:49  Drone  
  24  2:56  Drone  
  25  3:03  Drone  
  26  3:08  Roach  
  26  3:09  Overlord  
  29  3:12  Drone  
  30  3:20  Drone  
  31  3:27  Drone  
  31  3:34  Drone  
  32  3:41  Drone  
  32  3:43  Overlord  
  33  3:48  Drone  
  33  3:52  Lair  
  34  3:56  Drone  
  34  4:00  Roach  
  37  4:03  Drone  
  38  4:10  Drone  
  39  4:17  Drone  
  40  4:24  Drone  
  40  4:26  Overlord  
  41  4:31  Drone  
  42  4:38  Drone  
  43  4:46  Drone  
  43  4:50  Extractor, Overseer  
  45  4:52  Roach  
  45  4:53  Overseer, Drone  
  45  5:00  Drone  
  45  5:01  Extractor  
  45  5:08  Drone  
  46  5:15  Drone  
  47  5:22  Drone  
  48  5:29  Drone  
  49  5:36  Drone  
  50  5:45  Roach  
Tags
 
League
Master
Matchup
ZvZ
Player
SortOf
Race
Zerg
Spawn Locations
Cross Positions
Add a new tag
Caveats
  • Supply blocks, unpowered buildings, or Contaminate may cause inaccurate times.
  • Supply counts are checked every 10 seconds.